 Dungeon Crawl Stone Soup version 0.30-b1-2-g02819fbbbe (webtiles) character file.

Game seed: 16322263708136402383

252 Alarkh the Trooper (level 5, -4/46 HPs)
             Began as a Demonspawn Artificer on Nov 22, 2023.
             Slain by an iguana (9 damage)
             ... on level 3 of the Dungeon.
             The game lasted 00:03:08 (1495 turns).

Alarkh the Trooper (Demonspawn Artificer)           Turns: 1495, Time: 00:03:09

Health: -4/46      AC:  4    Str: 12    XL:     5   Next: 89%
Magic:  5/5        EV: 11    Int: 14    God:
Gold:   120        SH:  0    Dex: 14    Spells: 4/4 levels left

rFire   . . .        a - +0 short sword
rCold   . . .        (no shield)
rNeg    . . .        b - +0 leather armour
rPois   .            j - +0 helmet
rElec   .            (no cloak)
rCorr   .            (no gloves)
SInv    .            (no boots)
Will    .....        (no amulet)
Stlth   +            (no ring)
HPRegen 0.27/turn    (no ring)
MPRegen 0.09/turn

%: no passive effects
@: no status effects
A: weakness stinger 1
a: no special abilities


You were on level 3 of the Dungeon.
You visited 1 branch of the dungeon, and saw 4 of its levels.

You collected 120 gold pieces.

Inventory:

Hand Weapons
 a - a +0 short sword (weapon)
Armour
 b - a +0 leather armour (worn)
 j - a +0 helmet (worn)
Wands
 d - a wand of charming (14)
 e - a wand of iceblast (3)
Scrolls
 f - a scroll of teleportation
 i - a scroll of amnesia {unknown}
 l - a scroll of fog {unknown}
 m - a scroll of magic mapping
 n - a scroll of enchant weapon {unknown}
 o - a scroll of noise {unknown}
 q - a scroll of enchant armour {unknown}
 r - a scroll of identify
Potions
 c - a potion of degeneration
 g - a potion of curing {unknown}
 h - a potion of attraction {unknown}
 k - a potion of heal wounds {unknown}
 p - a potion of lignification {unknown}


   Skills:
 + Level 6.0 Fighting
 - Level 1.7 Armour
 - Level 0.8 Dodging
 - Level 0.8 Stealth
 - Level 3.0 Evocations


You had 4 spell levels left.
You didn't know any spells.
Your spell library was empty.

Dungeon Overview and Level Annotations

Branches:
Dungeon (4/15)
 Temple: D:4-7

Altars:

Annotations:
D:4 1 transporter


Innate Abilities, Weirdness & Mutations

You have a small tail.


Message History

You hit the iguana but do no damage. The iguana closely misses you.
You closely miss the iguana.
You tail-slap the iguana, but do no damage.
The iguana barely misses you.
You barely miss the iguana. The iguana closely misses you.
You hit the iguana but do no damage. The iguana barely misses you.
You hit the iguana but do no damage. You tail-slap the iguana.
The iguana is moderately wounded.
The iguana bites you.
You hit the iguana.
You tail-slap the iguana, but do no damage.
The iguana is heavily wounded.
The iguana barely misses you.
You hit the iguana.
Your tail-slap misses the iguana.
The iguana is heavily wounded.
The iguana closely misses you.
You barely miss the iguana.
The iguana is heavily wounded.
The iguana bites you!
You closely miss the iguana.
The iguana is heavily wounded.
The iguana bites you!
You are too injured to fight recklessly!
Okay, then.
Okay, then.
You hit the iguana but do no damage. You tail-slap the iguana.
The iguana is severely wounded.
The iguana bites you.
* * * LOW HITPOINT WARNING * * *
You hit the iguana but do no damage.
The iguana is severely wounded.
The iguana closely misses you.
You hit the iguana but do no damage.
The iguana is severely wounded.
The iguana bites you!
* * * LOW HITPOINT WARNING * * *
You hit the iguana.
The iguana is severely wounded.
The iguana bites you!
You die...

#.# #.###########.######
#.# #.# #.......
#.###.#################.
#..)..#.............# #.
#######.####...#....# #.
#.# #...#....# #. #.#
#...#....###. #.#
#...#..#...#. #@#
#...#..#...## #l#
#...+..#...'. #.#
#...#.##...##
#.#****+*#.*#...#
*#.#*,,,,*#.*#####
*...,,,****,* *.#.*,,*
*,* #.*.#,,* *,*
**#.*.#,,* *,*


You could see an iguana.

Vanquished Creatures
  A bullfrog (D:4)
  A jelly (D:4)
  2 hounds (D:4)
  An iguana (D:4)
  Natasha (D:2)
  An adder (D:4)
  A worm (D:4)
  4 orcs (D:3)
  3 endoplasms
  3 giant cockroaches
  A goblin (D:3)
  4 hobgoblins
  A quokka (D:3)
  3 ball pythons
  2 bats (D:1)
  A frilled lizard (D:1)
  4 kobolds
  3 rats
37 creatures vanquished.

Vanquished Creatures (others)
  18 plants (D:2)
18 creatures vanquished.

Grand Total: 55 creatures vanquished

Notes
Turn   | Place    | Note
-------+----------+-------------------------------------------
     0 | D:1      | Alarkh the Demonspawn Artificer began the quest for the
                  | Orb.
     0 | D:1      | Reached XP level 1. HP: 15/15 MP: 1/1
   480 | D:1      | Reached skill level 2 in Fighting
   534 | D:2      | Gained mutation: You have a small tail. [demonic ancestry]
   534 | D:2      | Reached XP level 2. HP: 11/22 MP: 2/2
   717 | D:2      | Noticed Natasha
   720 | D:2      | Killed Natasha
   721 | D:2      | Reached skill level 3 in Fighting
   721 | D:2      | Reached XP level 3. HP: 29/29 MP: 3/3
   733 | D:2      | You fall into a shaft and drop 2 floors!
   770 | D:4      | Reached skill level 4 in Fighting
   770 | D:4      | Reached XP level 4. HP: 28/37 MP: 4/4
   886 | D:4      | Reached XP level 5. HP: 43/43 MP: 5/5
   927 | D:4      | Found a transporter.
   936 | D:4      | Reached skill level 5 in Fighting
   964 | D:4      | HP: 2/44 [bullfrog (4)]
  1328 | D:3      | Reached skill level 6 in Fighting
  1495 | D:3      | Slain by an iguana

Illustrated notes

Levels and vault maps discovered:
D:1:      amcnicky_arrival_choice, layout_rooms
D:2:      minmay_recursive_quarters, layout_basic, minivault_24,
          lexackson_kobold_supper, uniq_sigmund, uniq_natasha
D:3:      layout_basic, basic_ecumenical_altar, grunt_ministairs_11
D:4:      minmay_wonky_spiral, layout_rooms, mainiacjoe_overflow_chevrons,
          gammafunk_ghost_smash, grunt_decor_one_mirror

Skill      XL: |  1  2  3  4  5 |
---------------+----------------+-----
Fighting       | 2 3 4 6 |  6.0
Armour         | |  1.7
Dodging        | |  0.8
Stealth        | |  0.8
Evocations     | |  3.0

Action                     |  1- 3 |  4- 6 || total
---------------------------+-------+-------++-------
  Melee: Club              |    79 |    60 ||   139
         Punch             |     1 |       ||     1
         Tailslap          |     6 |    23 ||    29
         Short sword       |       |    26 ||    26
  Evoke: Wand              |     7 |    11 ||    18
    Use: Scroll            |     1 |     2 ||     3
   Stab: Sleeping          |     1 |       ||     1
 Armour: Leather armour    |    29 |    19 ||    48
  Dodge: Dodged            |    73 |    54 ||   127
